[Event "Julius Baer Generation Cup Prelims 2022"]
[Site "Online"]
[Date "2022.09.14"]
[Round "10.8"]
[White "Yoo, Christopher Woojin"]
[Black "Wojtaszek, Radoslaw"]
[Result "1-0"]
[ECO "B90"]
[WhiteElo "2563"]
[BlackElo "2696"]
[Annotator "TA"]
[PlyCount "139"]
[EventDate "2022.09.12"]
[EventType "tourn"]
[EventCountry "NET"]
[SourceTitle "playchess.com"]
[Source "ChessBase"]
[SourceQuality "1"]
[TimeControl "900+10"]

1. e4 c5 2. Nf3 d6 3. d4 cxd4 4. Nxd4 Nf6 5. Nc3 a6 6. Be3 e5 7. Nf3 Be7 {[%emt 0:00:07] CPLX 2.1} 8. Nd2 {[%emt 0:00:02] CPLX 2.1 13 (Bf1-c4) (=13). B90: Sicilian Najdorf: Unusual White 6th moves, 6 Be3 Ng4 and 6 Be3 e5.} Ng4 {[%emt 0:01:14] CPLX 2.1 40 (b7-b5) (=20)} 9. Nc4 {[%emt 0:00:33] aiming for Bb6. BESTDEEP} Nxe3 {[%emt 0:00:02] EASY} 10. Nxe3 {[%emt 0:00:00] RECAPT. White has an edge.} O-O {[%emt 0:00:25] [#] CPLX 2.0 9 (Bc8-e6) (=12)} 11. Be2 $146 {[%emt 0:02:44] CPLX 2.0 23 (Nc3-d5) (=9)} ({Predecessor:} 11. Ncd5 Be6 12. Be2 Nd7 13. O-O Rc8 14. c3 Bg5 15. Nf5 Bxf5 16. exf5 Re8 17. Qb3 {½-½ (34) Karthikeyan,M (2602)-Visakh,N (2518) Moscow 2020}) 11... Nd7 {[%emt 0:01:05] CPLX 2.0 39 (Be7-g5) (=18)} 12. Bg4 {[%emt 0:01:58] BESTDEEP} Bg5 {[%emt 0:00:06] CPLX 2.2 13 (b7-b5) (=17)} 13. Ned5 {[%emt 0:00:08][%cal Oh2h4] CPLX 2.3 21 (Bg4xd7) (=10)} (13. Qxd6 $2 Bxe3 14. Bxd7 Bd4 $19) 13... Nc5 {[%emt 0:00:37] BESTDEEP} 14. Bxc8 {[%emt 0:00:59] CPLX 2.8} Rxc8 {[%emt 0:00:00] RECAPT} 15. O-O {[%emt 0:00:02] CPLX 2.3 0 (a2-a4) (=7)} f5 {[%emt 0:00:34] RELBLUND 128 (Nc5-e6) (=25)} ({Black should try} 15... Ne6 $14) 16. exf5 $18 {[%emt 0:00:40] DEEPSTRONG=>BLUNDERREACT} Rxf5 {[%emt 0:00:02] CPLX 2.7 21 (Bg5-e7) (=25)} 17. b4 $1 {[%emt 0:01:24] DEEPSTRONG} Ne6 {[%emt 0:03:07] CPLX 2.8} 18. Ne4 $1 {[%emt 0:00:15][%cal Oe4d6] And now Nxd6! would win. DEEPSTRONG} Rc6 {[%emt 0:01:44] CPLX 2.7 0 (Kg8-h8) (=21)} 19. Qg4 {[%emt 0:01:51] CPLX 2.7} g6 {[%emt 0:00:05] CPLX 3.0} 20. Ng3 {[%emt 0:00:25] Pair of Knights! CPLX 3.1} h5 {[%emt 0:00:33] CPLX 3.0 17 (Qd8-f8) (=19)} 21. Nxh5 {[%emt 0:01:14][%cal Oh2h4] Threatens to win with h4! MISS-Qg4-e4 71 (Qg4-e4) (=9)} Nc7 {[%emt 0:01:19] DEEPSTRONG} (21... Rxc2 $2 22. Ne3 Qf8 23. Nxc2 $18) 22. Rad1 {[%emt 0:01:44][%cal Oh2h4] CPLX 4.1 27 (Nd5xc7) (=10)} Nxd5 {[%emt 0:01:34] EASY} (22... Rxc2 $2 23. Ne3 Rcxf2 24. Rxf2 $18) 23. Rxd5 {[%emt 0:00:00][%cal Oh2h4] Hoping for h4! RECAPT} Kf7 {[%emt 0:00:01] CPLX 3.4 29 (Kg8-h7) (=17)} (23... Rxc2 $2 24. Ng3 (24. h4 Qf8 $11) 24... Rf4 25. Qe6+ Kg7 26. Rxd6 $18) 24. Ng3 {[%emt 0:02:37] CPLX 4.2} Rf4 {[%emt 0:00:04] EASY} 25. Qe2 {[%emt 0:00:01] BESTDEEP} Rxb4 {[%emt 0:00:26] CPLX 2.9} 26. Ne4 {[%emt 0:00:02][%cal Of2f4] CPLX 3.8 0 (c2-c3) (=8)} Be7 {[%emt 0:00:01] BESTDEEP} 27. c3 $36 {[%emt 0:00:12][%mdl 2048] White is on the roll. CPLX 3.7} Rb5 {[%emt 0:01:31] BESTDEEP} 28. Rxb5 {[%emt 0:00:32] EASY} axb5 {[%emt 0:00:00] RECAPT} 29. Qxb5 {[%emt 0:00:01] RECAPT} d5 {[%emt 0:00:26] BESTDEEP} 30. Rd1 {[%emt 0:00:16] EASY} (30. Qxb7 $2 Rb6 31. Qa7 (31. Ng5+ $2 Kg8 $19) 31... dxe4 $19) 30... Rb6 {[%emt 0:00:03] EASY} 31. Qe2 {[%emt 0:00:13] White is more active. BESTDEEP} ({Don't go for} 31. Qd3 $2 dxe4 32. Qc4+ Kg7 33. Rxd8 Rb1+ 34. Qf1 Rxf1+ 35. Kxf1 Bxd8 $19) 31... Qd7 {[%emt 0:00:39] CPLX 3.4 59 (Rb6-c6) (=14)} (31... Rc6 $16 32. h3 (32. Qb5 Rb6 $16) 32... Qa5) 32. c4 $1 {[%emt 0:00:39] CPLX 3.4} d4 {[%emt 0:00:04] EASY} 33. c5 {[%emt 0:00:21] MISSDEEP-h2-h4 83 (h2-h4) (=9)} (33. h4 $1 $18) 33... Ra6 {[%emt 0:00:15] [#] CPLX 4.3 48 (Rb6-c6) (=15)} (33... Rc6 $16) 34. Rb1 {[%emt 0:00:31] CPLX 4.1 56 (h2-h4) (=11)} (34. h4 $1 $18) 34... Qd5 {[%emt 0:00:03] [#] CPLX 4.0 79 (Kf7-g7) (=17)} (34... Kg7 $16) 35. Rb2 {[%emt 0:00:16] RELBLUND 137 (h2-h4) (=15)} (35. h4 $1 $18) 35... d3 {[%emt 0:00:12] CPLX 3.4 14 (Ra6-a4) (=17)} 36. Qf3+ {[%emt 0:00:09] CPLX 3.8} Kg7 {[%emt 0:00:00] EASY} 37. Rd2 {[%emt 0:00:14] CPLX 3.7 53 (Qf3-e3) (=16)} ({Better is} 37. Qe3 $14) 37... Ra4 $11 {[%emt 0:01:31] EASY} 38. Nc3 {[%emt 0:00:16] CPLX 3.9} Qxf3 {[%emt 0:00:04] EASY} 39. gxf3 {[%emt 0:00:00][%mdl 4096] Endgame KRB-KRN. RECAPT} Rd4 {[%emt 0:00:01] CPLX 2.9} 40. Ne4 {[%emt 0:00:02] CPLX 2.7 0 (Nc3-d1) (=15)} Kf7 {[%emt 0:01:17] CPLX 2.8 0 (g6-g5) (=15)} 41. Kf1 {[%emt 0:00:22] BESTDEEP} Ke6 {[%emt 0:00:25] CPLX 2.8 9 (Kf7-e8) (=14)} 42. Rb2 {[%emt 0:00:11] CPLX 2.9} Kf5 {[%emt 0:00:40][%cal Oe7c5] CPLX 3.0 28 (Be7-d8) (=15)} 43. Ke1 {[%emt 0:00:27] CPLX 3.1 8 (Rb2xb7) (=14)} Rd7 {[%emt 0:00:01] CPLX 3.1} 44. Rb4 {[%emt 0:00:21] CPLX 3.0 0 (Rb2-b3) (=13)} Bf8 $2 {[%emt 0:01:14] MISSDEEP-Rd7-c7 180 (Rd7-c7) (=19)} (44... Rc7 $1 $11 {and Black stays safe.}) 45. Rb6 {[%emt 0:00:12] CPLX 3.0 133 (a2-a4) (=16)} (45. a4 $18 {is more deadly.}) 45... Be7 $16 {[%emt 0:00:07] DEEPSTRONG=>BLUNDERREACT} 46. Rb4 $2 {[%emt 0:00:22] RELBLUND 58 (Ne4-d6) (=18)} (46. Nd6+ $14 Bxd6 47. cxd6) 46... Bf8 $18 {[%emt 0:00:13] White leaves nothing to chance now. BESTDEEP} 47. a4 {[%emt 0:00:19] BESTDEEP} Rc7 {[%emt 0:00:27] CPLX 3.1 48 (Bf8-e7) (=19)} (47... Be7 $142 48. Kd2 Bg5+ 49. Nxg5 Kxg5) 48. Rb6 {[%emt 0:00:10][%csl Ge4][%cal Rb6f6] CPLX 3.1} Be7 {[%emt 0:00:04] Inhibits Rf6+. CPLX 3.5} 49. Kd2 {[%emt 0:00:06] CPLX 3.2 24 (a4-a5) (=17)} Rd7 {[%emt 0:00:04] CPLX 3.4 31 (Kf5-f4) (=18)} 50. Rb3 {[%emt 0:00:14] CPLX 3.3 23 (a4-a5) (=17)} Rd4 $2 {[%emt 0:00:29] CPLX 3.2 361 (Be7-g5) (=26)} (50... Bg5+ {is more resistant.} 51. Nxg5 Kxg5) 51. Rxb7 {[%emt 0:00:14] EASY} Bd8 {[%emt 0:00:02] CPLX 3.5 47 (Kf5-e6) (=27)} 52. Ra7 {[%emt 0:00:08] Against Ba5+. CPLX 3.3} Ke6 {[%emt 0:00:27] CPLX 3.3} 53. c6 {[%emt 0:00:06] Black must now prevent c7. BESTDEEP} Rc4 {[%emt 0:00:07] CPLX 3.5} 54. Ra6 {[%emt 0:00:08] Strongly threatening c7+. CPLX 3.8 47 (Ra7-g7) (=17)} Kd5 {[%emt 0:00:20] CPLX 3.5} 55. Kxd3 {[%emt 0:00:01] CPLX 3.6} Rd4+ {[%emt 0:00:02] CPLX 3.4 178 (Rc4xc6) (=28)} (55... Rxc6 {might work better.} 56. Ra8 Be7) 56. Ke3 {[%emt 0:00:07] CPLX 3.1} Rc4 {[%emt 0:00:02] BESTDEEP} 57. h3 {[%emt 0:00:24] CPLX 3.2 180 (c6-c7) (=19)} Bc7 $2 {[%emt 0:00:05] EVAL 400 (Rc4xc6) (=35)} (57... Rxc6 58. Ra8 Be7) 58. Kd3 {[%emt 0:00:02] CPLX 3.1 249 (Ne4-f6) (=24)} Rd4+ {[%emt 0:00:01] CPLX 3.3 27 (Bc7-d8) (=35)} 59. Kc2 Rc4+ 60. Kb3 Kd4 61. a5 Rc1 62. Ra8 Kd5 $2 (62... Rxc6 {was called for.} 63. Rc8 Kd3) 63. a6 Rxc6 64. a7 {[%emt 0:00:12][%cal Oa8d8] Threatening mate with Rd8+!} Ra6 65. Nc3+ Kc6 {[%emt 0:00:04] [#]} 66. Nb5 $1 Bb6 (66... Kxb5 67. Rb8+) 67. Rc8+ Kxb5 68. a8=Q {[%emt 0:00:01] White mates.} Rxa8 69. Rxa8 Bxf2 70. Rg8 {[%emt 0:00:03] Weighted Error Value: White=0.26 (precise) /Black=0.34} 1-0

[Event "Julius Baer Generation Cup Prelims 2022"]
[Site "Online"]
[Date "2022.09.14"]
[Round "11.2"]
[White "Keymer, Vincent"]
[Black "Yoo, Christopher Woojin"]
[Result "1/2-1/2"]
[ECO "A26"]
[WhiteElo "2693"]
[BlackElo "2563"]
[Annotator "TA"]
[PlyCount "126"]
[EventDate "2022.09.12"]
[EventType "tourn"]
[EventCountry "NET"]
[SourceTitle "playchess.com"]
[Source "ChessBase"]
[SourceQuality "1"]
[TimeControl "900+10"]

1. c4 e5 2. d3 Nf6 3. Nf3 Nc6 4. a3 a5 5. Nc3 g6 6. g3 Bg7 7. Bg2 O-O 8. O-O d6 9. Rb1 Bd7 10. b4 axb4 11. axb4 Qc8 {[%emt 0:00:30] CPLX 2.4 6 (Bd7-g4) (=6)} 12. Bg5 {[%emt 0:01:35] CPLX 2.4. A26: English Opening vs King's Indian with ...Nc6 and d3.} Bh3 {[%emt 0:01:29] MISSDEEP-Rf8-e8 8 (Rf8-e8) (=7)} 13. Bxf6 {[%emt 0:02:21] BESTDEEP} Bxf6 {[%emt 0:00:09] RECAPT} 14. Nd5 {[%emt 0:00:03] CPLX 2.8. White is slightly better.} Bd8 {[%emt 0:00:36] BESTDEEP} 15. Qd2 {[%emt 0:00:06] CPLX 3.0 18 (Bg2xh3) (=5)} Bxg2 {[%emt 0:00:24] CPLX 3.1} 16. Kxg2 {[%emt 0:00:04] [#] RECAPT} Ne7 $146 {[%emt 0:00:34] BESTDEEP} ({Predecessor:} 16... Kg7 17. Ra1 Ne7 18. Nc3 Ng8 19. Rxa8 Qxa8 20. Qb2 Qb8 21. Ra1 c6 22. Qa3 f5 {0-1 (42) Holleland,S (1812)-Goncalves,J (1999) Caleta 2014}) 17. Nc3 {[%emt 0:02:52] BESTDEEP} f5 {[%emt 0:01:09][%cal Bf7f5,Bf5f4][%mdl 32] CPLX 2.3 26 (Ne7-f5) (=6)} 18. c5 {[%emt 0:01:16] CPLX 2.1 31 (b4-b5) (=7)} Qe6 {[%emt 0:01:39] CPLX 2.4 33 (Ne7-c6) (=9)} 19. Ra1 {[%emt 0:00:04] CPLX 2.4} Rxa1 {[%emt 0:00:11] CPLX 2.8 29 (Ra8-b8) (=11)} 20. Rxa1 {[%emt 0:00:00] RECAPT} d5 {[%emt 0:00:40] BESTDEEP} 21. Ra8 {[%emt 0:01:21] White has more active pieces. The black rooks are badly placed. BESTDEEP} f4 {[%emt 0:01:46] CPLX 2.6 29 (d5-d4) (=12)} 22. Qa2 {[%emt 0:01:21] BESTDEEP} h6 {[%emt 0:00:52] CPLX 3.0} 23. b5 {[%emt 0:03:30] Black must now prevent Rb8. CPLX 3.1 4 (Kg2-f1) (=4)} g5 $1 {[%emt 0:00:30] CPLX 3.0} 24. h3 {[%emt 0:00:01] BESTDEEP} c6 {[%emt 0:00:47] CPLX 3.6 33 (f4xg3) (=12)} 25. Ne4 {[%emt 0:00:55] CPLX 3.9 78 (g3-g4) (=9)} (25. g4 $16) 25... fxg3 {[%emt 0:00:39] CPLX 4.2 0 (c6xb5) (=11)} 26. fxg3 {[%emt 0:00:23] RECAPT} Nf5 {[%emt 0:00:31] Against Nd6. CPLX 4.0} 27. g4 {[%emt 0:00:09] BESTDEEP} Ng7 {[%emt 0:01:23] MISSDEEP-Nf5-d4 68 (Nf5-d4) (=14)} (27... Ne3+ 28. Kf2 Nd1+ 29. Ke1 $14) (27... Nd4 $1 $11 28. Nxd4 exd4) 28. Ng3 {[%emt 0:00:22] CPLX 3.7 46 (Ne4-d6) (=10)} (28. Nd6 $1 $14) 28... cxb5 $11 {[%emt 0:00:49] EASY} 29. e3 {[%emt 0:00:42] CPLX 3.1 44 (Ra8-b8) (=12)} (29. Rb8 $5 ) 29... b6 {[%emt 0:00:34] CPLX 3.7 42 (Bd8-e7) (=14)} 30. c6 {[%emt 0:00:12] CPLX 3.9 42 (Ng3-f5) (=14)} (30. Nf5 $5 ) 30... Qxc6 {[%emt 0:00:04] BESTDEEP} 31. Nxe5 {[%emt 0:00:01] EASY} Qe6 {[%emt 0:00:00] CPLX 3.9} 32. d4 {[%emt 0:00:05] CPLX 3.9} Bf6 {[%emt 0:00:13] BESTDEEP} 33. Rxf8+ {[%emt 0:00:10] EASY} Kxf8 {[%emt 0:00:00] RECAPT} 34. Qa3+ {[%emt 0:00:22] BESTDEEP} Kg8 {[%emt 0:00:11] BESTDEEP} 35. Qa8+ {[%emt 0:00:06] EASY} (35. Ng6 Qe8 36. Ne5 Bxe5 37. dxe5 Qxe5 38. Qa8+ Kh7 $17) 35... Kh7 {[%emt 0:00:01] CPLX 3.3 0 (Ng7-e8) (=11)} 36. Nf3 {[%emt 0:00:15] Pair of Knights! CPLX 3.8} b4 {[%emt 0:00:13] CPLX 3.0 0 (Bf6-e7) (=11)} 37. Kf2 $1 {[%emt 0:00:02] DEEPSTRONG} b3 {[%emt 0:00:13][%cal Oh6h5] CPLX 3.6 20 (Bf6-e7) (=11)} 38. Qa3 {[%emt 0:00:12] CPLX 3.9 12 (Qa8-a6) (=10)} h5 {[%emt 0:00:06] BESTDEEP} 39. Qxb3 {[%emt 0:00:04] CPLX 3.7} hxg4 {[%emt 0:00:02] CPLX 4.2 2 (Kh7-h6) (=10)} 40. hxg4 {[%emt 0:00:01] RECAPT} Qxg4 {[%emt 0:00:12] CPLX 4.1 0 (Kh7-h6) (=10)} 41. Qxd5 {[%emt 0:00:10] EASY} Kg6 $1 {[%emt 0:00:04] DEEPSTRONG} 42. Qc6 {[%emt 0:00:11] CPLX 4.6 63 (Qd5-b5) (=11)} (42. Qb5 $14) 42... Qe6 {[%emt 0:00:02] EASY} 43. Qc2+ {[%emt 0:00:01] CPLX 4.8 0 (Qc6xe6) (=11)} Kh6 {[%emt 0:00:19] CPLX 4.4 20 (Ng7-f5) (=10)} 44. Nh2 $36 {[%emt 0:00:08][%mdl 2048] White is more active. BESTDEEP} g4 $2 {[%emt 0:00:08][%mdl 8192] RELBLUND 286 (Qe6-h3) (=18)} (44... Qh3 $11 {and Black stays safe.} 45. Nhf1 Qe6) 45. d5 $1 $18 {[%emt 0:00:15] CPLX 4.1=>BLUNDERREACT} Qf7 {[%emt 0:00:22] RELBLUND 400 (Qe6-d7) (=29)} (45... Qd7 $18 46. Qe4 Ba1 47. Nxg4+ Kg5) 46. Nxg4+ {[%emt 0:00:19] CPLX 3.5=>BLUNDERREACT} Kg5 {[%emt 0:00:01] [#] LEGAL} 47. Nxf6 $2 {[%emt 0:00:12] MISSDEEP-Ng3-e4 400 (Ng3-e4) (=21)} ({Stronger than} 47. Qe4 Be5+ 48. Qf3 (48. Kg2 Bxg3 49. Kxg3 Nh5+ 50. Kg2 Qf1+ 51. Kh2 Qe2+ 52. Kh3 Qf1+ 53. Kh2 Qe2+ 54. Kh3 Qf1+ 55. Kh2 $11) 48... Bxg3+ 49. Kxg3 Nf5+ 50. Kf2 Qc7 $11) (47. Ne4+ $1 {mates} Kxg4 48. Qd1+ Kf5 49. Nd6+ Kg5 50. Nxf7+ Kg6 51. Nd6 Kh6 52. Qg4) 47... Qxf6+ {[%emt 0:00:00][%mdl 4096] Endgame KQN-KQN. RECAPT} 48. Ke2 {[%emt 0:00:16] White threatens Ne4+ and mate. CPLX 3.2} Kg4 {[%emt 0:00:36] CPLX 3.4 119 (Qf6-e5) (=30)} (48... Qe5 $16) 49. Ne4 {[%emt 0:00:03] CPLX 4.1 79 (Ng3-f1) (=22)} Qf3+ {[%emt 0:00:01] [#] EASY} 50. Kd3 $1 {[%emt 0:00:10] Qc1 is the strong threat. DEEPSTRONG} Nf5 $2 {[%emt 0:00:06][%mdl 8192] MISSDEEP-Qf3-f1 388 (Qf3-f1) (=38)} (50... Qf1+ $16 {is tougher.} 51. Kc3 (51. Qe2+ Qxe2+ 52. Kxe2 Kf5 $11) 51... Qe1+ 52. Qd2 Qa1+ 53. Kc4 Qa6+ 54. Kb3 Qb5+ 55. Ka3 Qa6+ 56. Kb2 Qb5+ 57. Kc1 Qc4+ 58. Nc3 Nf5) 51. Qe2 $2 {[%emt 0:00:16] RELBLUND 400 (Qc2-f2) (=30)} (51. Qf2 $18 Qxf2 52. Nxf2+ Kf3 53. Nd1) 51... Qxe2+ $11 {[%emt 0:00:06] EASY. The position is equal.} 52. Kxe2 {[%emt 0:00:00] KN-KN. RECAPT} Ne7 {[%emt 0:00:01] DEEPSTRONG} 53. Nc3 {[%emt 0:00:24] And now Kd3 would win. CPLX 2.0 0 (d5-d6) (=29)} (53. d6 {with more complications.} Nc6 54. d7 Kf5 55. Nd6+) 53... Kf5 {[%emt 0:00:03] CPLX 2.0} 54. e4+ {[%emt 0:00:04] MISS-d5-d6 0 (d5-d6) (=28)} Ke5 {[%emt 0:00:01] EASY} 55. Kd3 {[%emt 0:00:14] CPLX 2.0 0 (Ke2-d2) (=28)} Nc8 {[%emt 0:00:02] BESTDEEP} 56. Nb5 {[%emt 0:00:12] EASY} Ne7 {[%emt 0:00:01] CPLX 2.0} 57. Kc4 {[%emt 0:00:09] CPLX 2.0 8 (Nb5-a3) (=27)} Kxe4 {[%emt 0:00:08] BESTDEEP} 58. d6 {[%emt 0:00:03] CPLX 2.0 0 (Nb5-d6) (=26)} Nc6 {[%emt 0:00:00] EASY} 59. Nc7 {[%emt 0:00:08] BESTDEEP} Ke5 {[%emt 0:00:03] BESTDEEP} 60. Kb5 {[%emt 0:00:02] CPLX 2.0 0 (Nc7-e8) (=25)} Kxd6 {[%emt 0:00:02] CPLX 2.2} 61. Kxb6 {[%emt 0:00:01] CPLX 2.0} Ne5 {[%emt 0:00:01] CPLX 2.0} 62. Nb5+ {[%emt 0:00:03] CPLX 2.0} Kd5 {[%emt 0:00:01] CPLX 2.0} 63. Nd4 {[%emt 0:00:00] CPLX 2.0 8 (Kb6-c7) (=24)} Kxd4 {[%emt 0:00:02] White really could win this.  Weighted Error Value: White=0.30/Black=0.37} 1/2-1/2

[Event "Julius Baer Generation Cup Prelims 2022"]
[Site "Online"]
[Date "2022.09.14"]
[Round "11.3"]
[White "Erigaisi Arjun"]
[Black "Gelfand, Boris"]
[Result "1/2-1/2"]
[ECO "D00"]
[WhiteElo "2725"]
[BlackElo "2668"]
[Annotator "TA"]
[PlyCount "135"]
[EventDate "2022.09.12"]
[EventType "tourn"]
[EventCountry "NET"]
[SourceTitle "playchess.com"]
[Source "ChessBase"]
[SourceQuality "1"]
[TimeControl "900+10"]

1. d4 Nf6 2. Nc3 d5 3. Bf4 e6 4. Nb5 Bb4+ 5. c3 Ba5 {[%emt 0:00:01] CPLX 2.5} 6. e3 {[%emt 0:00:02] CPLX 2.2 11 (Ng1-f3) (=11). D00: 1 d4 d5: Unusual lines.} a6 {[%emt 0:00:44] CPLX 2.4 7 (0-0) (=4)} 7. Na3 {[%emt 0:00:01] CPLX 2.6} O-O {[%emt 0:00:01][%cal Oc7c5] CPLX 2.3 0 (Nb8-d7) (=2)} 8. Nf3 {[%emt 0:00:02] CPLX 2.2} c6 {[%emt 0:01:22] CPLX 2.1 12 (Nb8-d7) (=5)} 9. Bd3 {[%emt 0:00:10] CPLX 2.3} Bc7 {[%emt 0:00:01] [#] CPLX 2.5 0 (Nb8-d7) (=4)} 10. Nb1 $146 {[%emt 0:00:14] CPLX 2.4 0 (0-0) (=2)} ({Predecessor:} 10. O-O c5 11. dxc5 Nbd7 12. Bxc7 Qxc7 13. c4 dxc4 14. Nxc4 Nxc5 15. Rc1 b5 16. Nce5 Qb6 17. Ng5 Nxd3 18. Qxd3 h6 19. Ne4 Nxe4 20. Qxe4 {½-½ (20) Darini,P (2518)-Mousavi,S (2412) Teheran 2017}) 10... Nbd7 {[%emt 0:00:10] CPLX 2.3 1 (c6-c5) (=3)} 11. Nbd2 {[%emt 0:00:08] CPLX 2.4 0 (0-0) (=2)} b6 {[%emt 0:00:59] CPLX 2.4 13 (c6-c5) (=5)} 12. Bg3 {[%emt 0:00:36] CPLX 2.4 27 (Nf3-e5) (=5)} c5 {[%emt 0:00:20] CPLX 2.3 8 (Bc8-b7) (=5)} 13. Ne5 {[%emt 0:00:24] [#] Hoping for Nc6. BESTDEEP} Bb7 {[%emt 0:00:03] Prevents Nc6. BESTDEEP} 14. Qb1 {[%emt 0:00:46] CPLX 3.0 12 (0-0) (=6)} g6 {[%emt 0:01:01] BESTDEEP} 15. f4 {[%emt 0:01:47] CPLX 2.7 17 (Nd2-f3) (=7)} Nh5 {[%emt 0:00:05] BESTDEEP} 16. Ndf3 {[%emt 0:00:02] BESTDEEP} f5 {[%emt 0:01:21] RELBLUND 53 (f7-f6) (=8)} (16... f6 $15 17. Bh4 Ng7) 17. Bh4 $11 {[%emt 0:00:08] EASY} Qe8 {[%emt 0:00:03] CPLX 3.2 0 (Nh5-f6) (=7)} 18. Rg1 {[%emt 0:00:35] CPLX 2.9 16 (Bh4-g5) (=6)} Nxe5 {[%emt 0:01:52] CPLX 2.9 15 (Nh5-f6) (=8)} 19. Nxe5 {[%emt 0:00:30] RECAPT} Bxe5 {[%emt 0:00:45] RECAPT} 20. fxe5 {[%emt 0:00:14] CPLX 3.0 0 (d4xe5) (=6)} Bc6 {[%emt 0:00:13] CPLX 2.4 35 (a6-a5) (=9)} 21. Be2 {[%emt 0:00:32] CPLX 2.4 6 (Bd3-c2) (=6)} Bb5 {[%emt 0:01:17] CPLX 2.4 18 (a6-a5) (=10)} 22. Bxh5 {[%emt 0:03:01] BESTDEEP} gxh5 {[%emt 0:00:03] RECAPT} 23. Bf6 {[%emt 0:00:01] CPLX 2.6 0 (Qb1-c2) (=5)} a5 {[%emt 0:00:30] BESTDEEP} 24. h3 {[%emt 0:01:07] CPLX 3.2 13 (Ke1-f2) (=5)} Qg6 {[%emt 0:00:55] BESTDEEP} 25. g4 {[%emt 0:00:05] RELBLUND 95 (Ke1-f2) (=10)} (25. Kf2 $14) 25... fxg4 {[%emt 0:01:04] RELBLUND 106 (h5xg4) (=13)} (25... hxg4 $15 26. hxg4 cxd4 27. exd4 Kf7) 26. Qxg6+ $14 {[%emt 0:00:40] CPLX 4.0=>BLUNDERREACT} hxg6 {[%emt 0:00:02] LEGAL} 27. hxg4 {[%emt 0:00:00] CPLX 2.5} h4 {[%emt 0:00:23] BESTDEEP} 28. Bxh4 {[%emt 0:03:45] CPLX 2.3 3 (0-0-0) (=9)} Rf3 {[%emt 0:00:03] CPLX 2.1} 29. Bg5 {[%emt 0:00:01] CPLX 2.2 46 (0-0-0) (=10)} (29. O-O-O $14) 29... Raf8 $11 {[%emt 0:02:39] CPLX 2.2} 30. O-O-O {[%emt 0:00:03] CPLX 2.3 14 (Bg5-f6) (=10)} Be2 {[%emt 0:00:03] CPLX 2.2} 31. Rde1 {[%emt 0:00:16] CPLX 2.4 0 (Rd1-d2) (=10)} Bd3 {[%emt 0:00:05] BESTDEEP} 32. Bf6 {[%emt 0:01:56] CPLX 2.2 0 (Bg5-e7) (=10)} g5 {[%emt 0:01:19] CPLX 2.5 33 (Rf3-f2) (=11)} 33. Kd2 {[%emt 0:01:02] RELBLUND 90 (Rg1-g2) (=13)} (33. Rg2 $14) 33... Rf2+ $15 {[%emt 0:00:14][%mdl 1024] Black has compensation. EASY} 34. Kc1 {[%emt 0:00:11] EASY} a4 {[%emt 0:00:47][%cal Oa4a3] Strongly threatening ...a3! BESTDEEP} 35. a3 {[%emt 0:00:20] CPLX 2.9 72 (Rg1-h1) (=14)} (35. Bxg5 Rc2+ 36. Kd1 Rff2) (35. Rh1 $15) 35... Rf7 {[%emt 0:00:48] CPLX 3.0 122 (Bd3-e4) (=14)} (35... Be4 $17 {aiming for ...Rf7.} 36. Rgf1 (36. Bxg5 Rc2+ 37. Kd1 Rff2) 36... Rc2+ 37. Kb1 Rxc3+ 38. Ka1 Rd3) 36. Rd1 {[%emt 0:00:41] CPLX 2.9 27 (Rg1-h1) (=14)} (36. Bxg5 Rc2+ 37. Kd1 Rff2) (36. Rh1 $5 Rh7 37. Rxh7 (37. Bxg5 Rc2+ 38. Kd1 Rxb2 $17) 37... Kxh7 38. Rh1+ (38. Bxg5 Rc2+ 39. Kd1 Kg6 $17) 38... Kg6 39. Rh5 $11) 36... Be4 {[%emt 0:00:11] Threatens to win with ...Rc2+. CPLX 3.1 27 (Rf2-c2) (=14)} 37. Rd2 {[%emt 0:00:09] Inhibits Rc2+. CPLX 2.8} (37. Bxg5 Rc2+ 38. Kb1 Rff2) 37... Rxd2 {[%emt 0:00:01] CPLX 3.0} 38. Kxd2 $11 {[%emt 0:00:00][%mdl 4096] Endgame KRB-KRB. RECAPT} Rh7 {[%emt 0:00:01] CPLX 2.3} 39. Re1 {[%emt 0:00:12] BESTDEEP} Bf3 {[%emt 0:01:01] CPLX 2.1 8 (Rh7-h2) (=13)} 40. c4 {[%emt 0:00:26] CPLX 2.1 8 (Bf6xg5) (=13)} Rh2+ {[%emt 0:00:03] BESTDEEP} 41. Kc3 {[%emt 0:00:01] CPLX 2.2} Be4 {[%emt 0:00:01][%csl Ge4][%cal Rh2c2] CPLX 2.7} 42. Rc1 {[%emt 0:00:11] Inhibits Rc2+. CPLX 2.9} cxd4+ $1 {[%emt 0:00:18] CPLX 2.7} 43. exd4 {[%emt 0:00:01] RECAPT} Rh3+ {[%emt 0:00:02] CPLX 2.3 16 (d5xc4) (=12)} 44. Kd2 $1 {[%emt 0:00:14] DEEPSTRONG} (44. Kb4 Rb3+ 45. Kxa4 dxc4 46. Rxc4 Rxb2 47. Rc8+ Kf7 $19) 44... Rh2+ {[%emt 0:00:12] CPLX 2.1 0 (d5xc4) (=12)} 45. Ke3 {[%emt 0:00:28] CPLX 2.0} Rh3+ {[%emt 0:00:03] CPLX 2.6} 46. Kf2 {[%emt 0:00:11] CPLX 2.3} dxc4 {[%emt 0:01:03] CPLX 2.3} 47. Rxc4 {[%emt 0:00:00] RECAPT} Rh2+ {[%emt 0:00:01] CPLX 2.2 35 (Rh3-f3) (=12)} 48. Ke3 {[%emt 0:00:05] EASY} Bd5 {[%emt 0:00:01] CPLX 2.6} 49. Rb4 {[%emt 0:00:45] BESTDEEP} Rg2 {[%emt 0:00:11] CPLX 2.3 1 (Rh2-h4) (=11)} 50. Bxg5 {[%emt 0:00:13] DEEPSTRONG} ({But not} 50. Rxb6 Rxg4 51. Rb4 Rg3+ 52. Kd2 g4 $15) 50... Rg3+ {[%emt 0:00:07] CPLX 2.3 2 (Rg2xg4) (=11)} 51. Kd2 {[%emt 0:00:08] CPLX 2.0 28 (Ke3-e2) (=11)} Rxg4 {[%emt 0:00:06] And now ...Rg2+ would win. CPLX 2.0} 52. Be3 {[%emt 0:00:09] CPLX 2.0} Rg2+ {[%emt 0:00:33] EASY} 53. Ke1 {[%emt 0:00:02] CPLX 2.0 14 (Kd2-c3) (=10)} Bb3 {[%emt 0:00:12] CPLX 2.0 13 (Rg2-c2) (=11)} 54. Bf2 {[%emt 0:00:03] BESTDEEP} Kf7 {[%emt 0:00:07] CPLX 2.0} 55. Rxb6 {[%emt 0:00:01] CPLX 2.0} Kg6 {[%emt 0:00:06] BESTDEEP} 56. Ra6 {[%emt 0:00:22][%cal Od4d5] CPLX 2.0 30 (d4-d5) (=10)} Kf5 {[%emt 0:00:03] CPLX 2.0. The position is equal.} 57. d5 {[%emt 0:00:00] BESTDEEP} exd5 {[%emt 0:00:17] CPLX 2.2} 58. e6 {[%emt 0:00:07] CPLX 2.1} Rg6 {[%emt 0:00:14] BESTDEEP} 59. e7 {[%emt 0:00:04] Rxg6 would kill now. CPLX 2.2 0 (Ke1-d2) (=10)} Rxa6 {[%emt 0:00:01] EASY} 60. e8=Q {[%emt 0:00:01] Intending Qh5+ and mate. CPLX 2.3} Re6+ {[%emt 0:00:01] [#] EASY} 61. Qxe6+ $1 Kxe6 {[%emt 0:00:01] KB-KB} 62. Kd2 Kd7 63. Kc3 Kc6 64. Bd4 Kb5 65. Be3 Kc6 66. Bd4 Kb5 67. Be3 Kc6 68. Bd4 {[%emt 0:00:00] Weighted Error Value: White=0.12 (very precise) /Black=0.12 (very precise)} 1/2-1/2